 Dungeon Crawl Stone Soup version 0.25.0-8-gfd19cd77bd (webtiles) character file.

Game seed: 17683104533503802196

1032 botvinik the Chopper (level 8, -2/68 HPs)
             Began as a Hill Orc Abyssal Knight on June 16, 2020.
             Was a Priest of Lugonu.
             Succumbed to a hornet's poison
             ... on level 5 of the Dungeon.
             The game lasted 00:44:34 (6642 turns).

botvinik the Chopper (Hill Orc Abyssal Knight)      Turns: 6642, Time: 00:44:34

Health: -2/68      AC: 12    Str: 17    XL:     8   Next: 23%
Magic:  13/13      EV:  7    Int: 12    God:    Lugonu [***...]
Gold:   56         SH:  0    Dex: 10    Spells: 7/7 levels left

rFire    . . .     SeeInvis .   a - +0 war axe
rCold    . . .     Gourm    .   (no shield)
rNeg     . . .     Faith    .   w - +0 chain mail
rPois    .         Spirit   .   (no helmet)
rElec    .         Reflect  .   t - +1 cloak
rCorr    .         Harm     .   (no gloves)
MR       .....                  (no boots)
Stlth    ..........             (no amulet)
HPRegen  0.21/turn              (no ring)
MPRegen  0.13/turn              (no ring)

@: lethally poisoned (-2 -> -33), slowed, very slow
A: no striking features
a: Depart the Abyss, Bend Space, Banish, Renounce Religion


You were on level 5 of the Dungeon.
You worshipped Lugonu.
Lugonu was most pleased with you.
You were not hungry.

You visited 1 branch of the dungeon, and saw 5 of its levels.
You visited the Abyss 1 time.

You collected 217 gold pieces.
You spent 161 gold pieces at shops.

Inventory:

Hand Weapons
 a - a +0 war axe (weapon)
 b - a +0 flail
 x - a +1 hand axe
Missiles
 o - 3 javelins (quivered)
 v - 2 throwing nets
Armour
 g - a +0 tower shield
 t - a +1 cloak (worn)
 w - a +0 chain mail (worn)
Jewellery
 f - an uncursed ring of wizardry
Scrolls
 e - a scroll of fear
 j - 2 scrolls of amnesia
 k - 2 scrolls of teleportation
 n - 2 scrolls of remove curse
 r - a scroll of magic mapping
Potions
 d - 2 potions of brilliance {unknown}
 h - a potion of ambrosia
 i - 2 potions of magic
 l - a potion of stabbing
 m - a potion of haste {unknown}
 q - 2 potions of mutation {unknown}
 u - a potion of lignification
Comestibles
 c - 8 rations
 p - 6 chunks of flesh


   Skills:
 - Level 5.0 Fighting
 + Level 7.5 Axes
 + Level 5.7 Armour
 - Level 1.0 Dodging
 - Level 1.0 Stealth
 + Level 6.7 Invocations


You had 7 spell levels left.
You didn't know any spells.
Your spell library contained the following spells:

 Spells                   Type           Power        Failure   Level  Hunger
 Poisonous Vapours        Pois/Air       #.....       99%         2    ###....
 Conjure Flame            Conj/Fire      #.......     100%        3    ####...
 Mephitic Cloud           Conj/Pois/Air  #.......     100%        3    ####...
 Freezing Cloud           Conj/Ice/Air   #.........   100%        6    #######
 Ring of Flames           Chrm/Fire      #.........   100%        7    #######


Dungeon Overview and Level Annotations

Branches:
Dungeon (5/15)
 Temple: D:4-7

Altars:
Fedhas
Okawaru

Shops:
D:4 ?

Annotations:
D:1 Digging vault.
D:2 Ghost.
D:5 Grinder


Message History

The hornet stings you but does no damage.
The hornet stings you.
You are more poisoned.
You feel as though you will be slow longer.
The hornet stings you but does no damage.
You hit the hornet but do no damage.
The hornet is heavily wounded.
* * * LOW HITPOINT WARNING * * *
You feel very sick. The hornet stings you!
* * * LOW HITPOINT WARNING * * *
You feel as though you will be slow longer.
The hornet stings you!
* * * LOW HITPOINT WARNING * * *
You are more poisoned.
You feel as though you will be slow longer.
The hornet stings you but does no damage.
Unknown command.
Unknown command.
You die...

#.###..........^.
#.# #............
#.###.##.........
#.##..##.........
#.#...##.........
#.#5#..#....<....
#c..##..#.##.....
#y#####....###...
#@.# ###........
#..# ###.... .
#..# ..... ...#
...## .... ..$
..?.## ###.. ..


You could see Grinder, a hornet and a centaur.

Vanquished Creatures
  Sigmund (D:4)
  A sky beast (D:5)
  An ogre (D:4)
  2 centaurs (D:5)
  A scorpion (D:4)
  2 hounds
  An orc priest (D:4)
  3 worker ants
  2 orc wizards
  5 gnolls (D:3)
  9 adders
  3 oozes
  An adder skeleton (D:4)
  3 worms
  3 dart slugs
  A leopard gecko (D:5)
  11 orcs
  5 bats
  6 giant cockroaches
  8 hobgoblins
  14 jackals
  2 quokkas (D:2)
  3 ball pythons
  5 frilled lizards
  11 goblins
  2 jackal skeletons (D:4)
  10 kobolds
  A quokka skeleton (D:4)
  14 rats
131 creatures vanquished.

Notes
Turn   | Place    | Note
-------+----------+-------------------------------------------
     0 | Abyss:1  | botvinik the Hill Orc Abyssal Knight began the quest for
                  | the Orb.
     0 | Abyss:1  | Reached XP level 1. HP: 19/19 MP: 2/2
    65 | Abyss:1  | Noticed an ancient zyme
    66 | D:1      | Escaped the Abyss
    85 | D:1      | Noticed a centaur
   197 | D:1      | Reached * piety under Lugonu
   234 | D:1      | Reached XP level 2. HP: 24/27 MP: 4/4
   330 | D:1      | Reached skill level 3 in Axes
   565 | D:1      | Reached XP level 3. HP: 30/33 MP: 5/5
  1054 | D:2      | Noticed a phantom
  1101 | D:2      | Found a faded altar of an unknown god.
  1448 | D:2      | Reached skill level 1 in Dodging
  1551 | D:2      | Reached XP level 4. HP: 37/41 MP: 6/6
  1983 | D:2      | Reached skill level 1 in Stealth
  2058 | D:2      | Found an iron altar of Okawaru.
  2167 | D:2      | Reached skill level 4 in Axes
  2189 | D:2      | Reached ** piety under Lugonu
  2822 | D:3      | Reached XP level 5. HP: 47/47 MP: 7/7
  2996 | D:3      | Reached skill level 5 in Fighting
  3435 | D:3      | Reached *** piety under Lugonu
  3634 | D:3      | HP: 1/48 [orc wizard/magic dart (11)]
  3635 | D:3      | Reached skill level 5 in Axes
  3635 | D:3      | Reached XP level 6. HP: 2/56 MP: 7/9
  4586 | D:4      | Noticed Sigmund
  5037 | D:4      | Reached skill level 5 in Invocations
  5037 | D:4      | Reached XP level 7. HP: 58/61 MP: 10/10
  5128 | D:4      | Reached skill level 6 in Axes
  5608 | D:4      | Found a blossoming altar of Fedhas.
  5675 | D:4      | Found Qophu's Magic Scroll Shoppe.
  5700 | D:4      | Bought a scroll of identify for 28 gold pieces
  5700 | D:4      | Bought a scroll of identify for 28 gold pieces
  5700 | D:4      | Bought a scroll of identify for 28 gold pieces
  5700 | D:4      | Bought a scroll of identify for 28 gold pieces
  5700 | D:4      | Bought a scroll of magic mapping for 49 gold pieces
  5832 | D:4      | Killed Sigmund
  5832 | D:4      | Reached skill level 5 in Armour
  6021 | D:5      | Entered Level 5 of the Dungeon
  6026 | D:5      | Noticed a hornet
  6250 | D:5      | Reached skill level 7 in Axes
  6250 | D:5      | Reached XP level 8. HP: 40/68 MP: 12/12
  6620 | D:5      | Noticed Grinder
  6641 | D:5      | HP: 1/68 [hornet (7)]
  6642 | D:5      | Succumbed to a hornet's poison

Illustrated notes

Levels and vault maps discovered:
D:1:      evilmike_arrival_come_back, layout_basic, minmay_misc_feat_tower
D:2:      layout_basic, marbit_many_paths, chequers_ecumenical_altar_simple,
          serial_bayou_lagoon_a, chequers_decorated_corner
D:3:      minmay_diamond_boxcup, layout_basic, first_ration
D:4:      layout_layer_cave, serial_shops, nicolae_shop_waterfront,
          fedhas_altar_1, uniq_sigmund
D:5:      layout_rooms, uniq_grinder

Skill      XL: |  1  2  3  4  5  6  7 |
---------------+----------------------+-----
Axes           | 3 4 5 7 |  7.5
Fighting       | 4 5 |  5.0
Dodging        | 1 |  1.0
Invocations    | 3 4 5 6 |  6.7
Armour         | 3 4 5 |  5.7
Stealth        | 1 |  1.0

Action                   |  1- 3 |  4- 6 |  7- 9 || total
-------------------------+-------+-------+-------++-------
Melee: Hand axe          |   143 |   271 |       ||   414
       War axe           |       |    86 |   122 ||   208
Invok: Depart the Abyss  |     1 |       |       ||     1
  Use: Scroll            |       |     8 |     7 ||    15
       Potion            |       |       |     8 ||     8
  Eat: Chunk             |     2 |    12 |     5 ||    19
Armor: Leather armour    |    31 |       |       ||    31
       Scale mail        |     4 |   102 |       ||   106
       Chain mail        |       |    61 |    75 ||   136
Dodge: Dodged            |    85 |   153 |    50 ||   288
